[Event "Titled Tuesday Blitz April 4 Late 2023"]
[White "Sargsyan, Shant"]
[Black "Timofeev, Artyom"]
[WhiteFideId "13306766"]
[BlackFideId "4140419"]
[WhiteElo "2628"]
[BlackElo "2586"]
[Result "1-0"]
[Round "05"]
[TimeControl "180+2"]
[Date "2023.04.04"]
[WhiteClock "0:00:09"]
[BlackClock "0:00:04"]

1. Nf3 c5 2. e4 d6 3. Bb5+ Bd7 4. a4 Nf6 5. Qe2 Nc6 6. c3 a6 7. Bc4 Bg4 8. d3 e6 9. Nbd2 Be7 10. h3 Bh5 11. O-O O-O 12. Bb3 d5 13. Re1 Re8 14. Bc2 Qc7 15. Nf1 dxe4 16. dxe4 Ne5 17. N1h2 Nfd7 18. g4 Nxf3+ 19. Nxf3 Bg6 20. Kg2 c4 21. Nd4 e5 22. Nf5 Nf8 23. Be3 Ne6 24. Rad1 Bg5 25. h4 Bxe3 26. fxe3 Red8 27. Rd5 Bxf5 28. Rxd8+ Nxd8 29. exf5 b5 30. Be4 Rb8 31. axb5 Rxb5 32. Rd1 Nb7 33. Qd2 Kf8 34. Kh3 Nc5 35. Qc2 f6 36. g5 fxg5 37. hxg5 Qe7 38. Kg4 h6 39. f6 gxf6 40. gxh6 f5+ 41. Bxf5 e4 42. Qh2 Nd3 43. Rf1 Ke8 44. Qh5+ Kd8 45. Qg5 Ne5+ 46. Kh5 Qxg5+ 47. Kxg5 Nf7+ 48. Kg6 Nxh6 49. Kxh6 Rxb2 50. Bxe4 Rb3 51. Rc1 Kc7 52. Kg5 Kb6 53. Kf4 Kc5 54. Bg6 a5 55. Be8 Ra3 56. Ke4 a4 57. Rb1 Rxc3 58. Bxa4 Ra3 59. Bc2 Ra2 60. Bd1 Rd2 61. Ba4 c3 62. Rb5+ Kc4 63. Rb8 Rb2 64. Rxb2 cxb2 65. Bc2 Kc3 66. Bb1 Kd2 67. Kd4 Kc1 68. Bd3 Kd2 69. e4 b1=Q 70. Bxb1 1-0


[Site "https://www.chess.com"]

[Event "Titled Tuesday Blitz April 4 Late 2023"]
[White "Movahed, Sina"]
[Black "Szpar, Milosz"]
[WhiteFideId "42520835"]
[BlackFideId "1184989"]
[WhiteElo "2225"]
[BlackElo "2436"]
[Result "0-1"]
[Round "05"]
[TimeControl "180+2"]
[Date "2023.04.04"]
[WhiteClock "0:00:03"]
[BlackClock "0:00:08"]

1. Nf3 Nf6 2. g3 c5 3. Bg2 Nc6 4. O-O d5 5. d4 e6 6. c4 dxc4 7. Na3 cxd4 8. Nxc4 Bc5 9. a3 a6 10. Qc2 O-O 11. b4 Ba7 12. Bb2 Qe7 13. Nfe5 Nxe5 14. Nxe5 Rd8 15. Rfd1 Bd7 16. Bxb7 Ba4 17. Qxa4 Qxb7 18. Qc6 Qb8 19. Nf3 e5 20. Rac1 Re8 21. Kg2 h6 22. Qxa6 e4 23. Nh4 Qe5 24. e3 g5 25. exd4 Bxd4 26. Qxa8 Rxa8 27. Bxd4 Qe6 28. Ng6 fxg6 29. b5 Rxa3 30. Rc6 Qg4 31. Re1 Qf3+ 32. Kg1 Nd7 33. b6 Rd3 34. Rd6 Nxb6 35. Rxg6+ Kh7 36. Rg7+ Kh8 37. Rf7+ Rxd4 38. Rxf3 exf3 39. Re6 Rd1+ 0-1


[Site "https://www.chess.com"]

[Event "Titled Tuesday Blitz April 4 Late 2023"]
[White "Chigaev, Maksim"]
[Black "Mahdavi, Reza"]
[WhiteFideId "4108116"]
[BlackFideId "12595926"]
[WhiteElo "2547"]
[BlackElo "2357"]
[Result "1-0"]
[Round "05"]
[TimeControl "180+2"]
[Date "2023.04.04"]
[WhiteClock "0:02:33"]
[BlackClock "0:02:07"]

1. Nf3 Nf6 2. c4 g6 3. Nc3 Bg7 4. e4 d6 5. d4 O-O 6. Be2 e5 7. O-O exd4 8. Nxd4 Re8 9. f3 c6 10. Bg5 Qb6 11. Kh1 d5 12. cxd5 Nxd5 13. Nxd5 cxd5 14. Nb5 Nc6 15. exd5 Nd4 16. Nxd4 Bxd4 17. Bc4 Bd7 18. b3 Bxa1 19. Qxa1 Bb5 20. Bh6 f6 21. d6+ Bxc4 22. Qxf6 1-0


[Site "https://www.chess.com"]

[Event "Titled Tuesday Blitz April 4 Late 2023"]
[White "Makhnev, Denis"]
[Black "Leitao, Rafael"]
[WhiteFideId "13707647"]
[BlackFideId "2101246"]
[WhiteElo "2515"]
[BlackElo "2609"]
[Result "1-0"]
[Round "05"]
[TimeControl "180+2"]
[Date "2023.04.04"]
[WhiteClock "0:00:03"]
[BlackClock "0:00:17"]

1. d4 Nf6 2. c4 g6 3. g3 Bg7 4. Bg2 d6 5. Nc3 O-O 6. Nf3 c5 7. d5 e6 8. O-O exd5 9. cxd5 Na6 10. Bf4 Nc7 11. a4 a6 12. h3 Re8 13. Re1 h6 14. e4 g5 15. Bd2 Nd7 16. h4 g4 17. Nh2 Ne5 18. Bf4 h5 19. Nf1 Qf6 20. Ne3 Qg6 21. Qc2 Bd7 22. Nf5 Bh8 23. Nd1 b5 24. Nde3 bxa4 25. Nc4 Nxc4 26. Qxc4 Nb5 27. Qxa4 Bxb2 28. Nxd6 Bxa1 29. Rxa1 Nxd6 30. Qxd7 Nxe4 31. Qb7 Rab8 32. Bxb8 Qf6 33. Rf1 Nd2 34. Bf4 Nxf1 35. Bxf1 c4 36. d6 c3 37. d7 Rd8 38. Bxa6 c2 39. Qc7 Qxf4 40. Qxd8+ Kg7 41. gxf4 c1=Q+ 42. Kh2 Qf1 43. Qg5+ 1-0


[Site "https://www.chess.com"]

[Event "Titled Tuesday Blitz April 4 Late 2023"]
[White "Schmakel, Sam"]
[Black "Vakhlamov, Igor L."]
[WhiteFideId "2039311"]
[BlackFideId "24126748"]
[WhiteElo "2356"]
[BlackElo "2400"]
[Result "0-1"]
[Round "05"]
[TimeControl "180+2"]
[Date "2023.04.04"]
[WhiteClock "0:00:02"]
[BlackClock "0:00:12"]

1. Nf3 d5 2. g3 Nf6 3. Bg2 e6 4. O-O c5 5. c4 Nc6 6. d4 Be7 7. dxc5 Bxc5 8. cxd5 exd5 9. a3 Ne4 10. b4 Bb6 11. Bb2 O-O 12. Nc3 Nxc3 13. Bxc3 d4 14. Bb2 a6 15. Rc1 Re8 16. Qd3 Bg4 17. Rfd1 Qd7 18. Bxd4 Nxd4 19. Nxd4 Rad8 20. h3 Bxe2 21. Nxe2 Qxd3 22. Rxd3 Rxd3 23. Nf4 Rxa3 24. Nd5 Ba7 25. Rc7 Ra1+ 26. Kh2 Bxf2 27. h4 h5 28. Rxb7 Re2 29. Nc3 Re3 30. Ne4 Bg1+ 31. Kh3 Raa3 32. Rb8+ Kh7 33. Ng5+ Kg6 34. Be4+ Kf6 35. Rb6+ Ke5 0-1


[Site "https://www.chess.com"]

[Event "Titled Tuesday Blitz April 4 Late 2023"]
[White "tuschessCM1"]
[Black "Andreikin, Dmitry"]
[BlackFideId "4158814"]
[WhiteElo "2740"]
[BlackElo "2736"]
[Result "0-1"]
[Round "05"]
[TimeControl "180+2"]
[Date "2023.04.04"]
[WhiteClock "0:01:26"]
[BlackClock "0:02:43"]

1. c4 e6 2. Nf3 d5 3. e3 Nf6 4. b3 c5 5. Bb2 Nc6 6. cxd5 exd5 7. d4 cxd4 8. Nxd4 Bb4+ 9. Nc3 Ne4 10. Ne2 Qf6 11. Qc2 Qxf2+ 12. Kd1 Bf5 13. Qc1 Rd8 14. a3 d4 15. Nxe4 Qe1+ 16. Kc2 Bxe4# 0-1


[Site "https://www.chess.com"]

[Event "Titled Tuesday Blitz April 4 Late 2023"]
[White "Kilic, Eray"]
[Black "Paravyan, David"]
[WhiteFideId "44517173"]
[BlackFideId "4194985"]
[WhiteElo "2328"]
[BlackElo "2563"]
[Result "1/2-1/2"]
[Round "05"]
[TimeControl "180+2"]
[Date "2023.04.04"]
[WhiteClock "0:00:07"]
[BlackClock "0:00:08"]

1. e4 e5 2. Nf3 Nf6 3. Nc3 Nc6 4. d4 exd4 5. Nxd4 Bb4 6. Nxc6 bxc6 7. Bd3 O-O 8. O-O d5 9. exd5 Bg4 10. f3 Bh5 11. dxc6 Qd4+ 12. Kh1 Bxc3 13. bxc3 Qxc3 14. Bg5 Qxc6 15. Qe1 Bg6 16. Bxg6 hxg6 17. Bxf6 gxf6 18. Qe4 Qxe4 19. fxe4 Kg7 20. Rab1 Rab8 21. Rb3 Rfe8 22. Rc3 Rb2 23. Rxc7 Rxa2 24. Rc4 a5 25. h3 a4 26. Rc6 Re6 27. Rc4 a3 28. Ra4 Rc6 29. Rf2 Kf8 30. Ra7 Raxc2 31. Rxc2 Rxc2 32. Rxa3 Rc4 33. Re3 Ke7 34. Kh2 Ke6 35. Kg3 Ke5 36. Kf3 Kd4 37. Re2 Ke5 38. Re3 Rb4 39. Ra3 Rb5 40. Rd3 Rc5 41. g3 Rb5 42. h4 Rb1 43. Rd5+ Ke6 44. Ra5 Rf1+ 45. Ke3 Rg1 46. Kf4 Rf1+ 47. Kg4 Rf2 48. Rb5 Ke7 49. Rb7+ Kf8 50. Rb3 Kg7 51. Re3 Rf1 52. Re2 Kh6 53. e5 f5+ 54. Kh3 Kh5 55. e6 fxe6 56. Rxe6 Rh1+ 57. Kg2 Ra1 58. Kh3 Ra3 59. Re8 Kh6 60. Kg2 Kg7 61. Rb8 Rc3 62. Rb6 Kh6 63. Rb8 Ra3 64. Rc8 Rb3 65. Rd8 Kh5 66. Kh3 Kh6 67. Kg2 Kg7 68. Rc8 Kh7 69. Rd8 Ra3 70. Rc8 Rd3 71. Rb8 Kh6 72. Rc8 Rd4 73. Kh3 Rd1 74. Kg2 Kg7 75. Rc7+ Kh6 76. Rc8 Kh5 77. Kh3 Rh1+ 78. Kg2 Ra1 79. Kh3 Kh6 80. Kg2 Ra3 81. Rd8 Kg7 82. Rc8 Kh6 83. Rd8 Kh5 84. Kh3 Kh6 85. Kg2 1/2-1/2


[Site "https://www.chess.com"]

[Event "Titled Tuesday Blitz April 4 Late 2023"]
[White "Riff, Vincent"]
[Black "Hakobyan, Aram"]
[WhiteFideId "617776"]
[BlackFideId "13306677"]
[WhiteElo "2369"]
[BlackElo "2584"]
[Result "1/2-1/2"]
[Round "05"]
[TimeControl "180+2"]
[Date "2023.04.04"]
[WhiteClock "0:00:12"]
[BlackClock "0:00:07"]

1. e4 e5 2. Nf3 Nc6 3. Bb5 a6 4. Ba4 Nf6 5. O-O Be7 6. d3 d6 7. c3 O-O 8. Re1 b5 9. Bc2 Re8 10. Nbd2 Bf8 11. Nf1 h6 12. Ng3 g6 13. h3 Bg7 14. a4 Bb7 15. Bb3 Na5 16. Ba2 c5 17. Nh4 c4 18. dxc4 bxc4 19. Nf3 d5 20. exd5 Nxd5 21. Ne4 Qc7 22. Qc2 Rad8 23. Ng3 f5 24. Nh4 Qf7 25. b4 cxb3 26. Bxb3 Nxb3 27. Qxb3 Nf4 28. Qxf7+ Kxf7 29. Rb1 Bd5 30. Rb6 Nd3 31. Rd1 Nxc1 32. Rxc1 Re6 33. Rcb1 e4 34. Ne2 Bf6 35. g3 Bc4 36. Rxe6 Bxe6 37. Rb6 g5 38. Ng2 Bc4 39. Nd4 Bxd4 40. cxd4 Rxd4 41. Ne3 Be2 42. Rb1 f4 43. gxf4 gxf4 44. Nf5 Rxa4 45. Nxh6+ Kg6 46. Rb6+ Kg5 47. Nf7+ Kf5 48. Nd6+ Ke5 49. Nf7+ Kd4 50. Kh2 Bf3 51. Ng5 Ra2 52. Nxf3+ exf3 53. Kg1 Ra1+ 54. Kh2 a5 55. h4 a4 56. Kh3 Rh1+ 57. Kg4 a3 58. Ra6 Ra1 59. Kxf3 Kc3 60. h5 Kb2 61. Rb6+ Kc2 62. Ra6 Kb2 63. Rb6+ Kc2 64. Ra6 Kb3 65. Rb6+ Ka4 66. Ra6+ Kb5 67. Ra8 Kb4 68. h6 Rh1 69. Ra6 Kb3 70. Kxf4 a2 71. Kg5 Rg1+ 72. Kf6 Rh1 73. Kg7 Rg1+ 74. Kh8 a1=Q+ 75. Rxa1 Rxa1 76. Kg7 Rg1+ 77. Kf7 Rh1 78. Kg7 Rg1+ 79. Kf7 Rf1 80. h7 Rxf2+ 81. Kg7 Rg2+ 82. Kf7 Rf2+ 83. Kg7 Rg2+ 84. Kf7 Rh2 85. Kg7 Kc4 86. h8=Q Rxh8 87. Kxh8 1/2-1/2


[Site "https://www.chess.com"]

[Event "Titled Tuesday Blitz April 4 Late 2023"]
[White "Svane, Rasmus"]
[Black "Bolourchifard, Farzad"]
[WhiteFideId "4657101"]
[BlackFideId "12510084"]
[WhiteElo "2597"]
[BlackElo "2317"]
[Result "1-0"]
[Round "05"]
[TimeControl "180+2"]
[Date "2023.04.04"]
[WhiteClock "0:00:13"]
[BlackClock "0:00:05"]

1. Nf3 d5 2. g3 Nf6 3. Bg2 Bf5 4. O-O e6 5. c4 c6 6. Qb3 Qb6 7. d3 h6 8. cxd5 exd5 9. Qc2 Be7 10. Nc3 O-O 11. e4 Bh7 12. Be3 Qd8 13. Rad1 Na6 14. a3 Re8 15. h3 Bc5 16. Bxc5 Nxc5 17. Nxd5 Ncxe4 18. Nf4 Nd6 19. Rfe1 Rxe1+ 20. Rxe1 Nb5 21. Qb3 Qb6 22. Ne5 Rf8 23. Re3 Nd4 24. Qc3 Rd8 25. b4 Qb5 26. Nc4 Qa4 27. Na5 Qd1+ 28. Re1 Nb5 29. Rxd1 Nxc3 30. Rc1 Nb5 31. Nxb7 Rd7 32. Bxc6 Rc7 33. Rc5 Nxa3 34. d4 g5 35. Ne2 Nc2 36. b5 Bd3 37. d5 Bxe2 38. d6 Rxb7 39. Bxb7 Nd4 40. Bc6 Kf8 41. d7 Ne6 42. Re5 Bc4 43. Rxe6 Bxe6 44. d8=Q+ Kg7 45. Qd4 Bxh3 46. Qxa7 h5 47. Qd4 Be6 48. b6 h4 49. gxh4 g4 50. b7 g3 51. fxg3 Bd7 52. Bxd7 Kh7 53. Qxf6 1-0


[Site "https://www.chess.com"]

[Event "Titled Tuesday Blitz April 4 Late 2023"]
[White "Bluebaum, Matthias"]
[Black "Bakalchuk, Johnatan"]
[WhiteFideId "24651516"]
[BlackFideId "2810301"]
[WhiteElo "2638"]
[BlackElo "2450"]
[Result "0-1"]
[Round "05"]
[TimeControl "180+2"]
[Date "2023.04.04"]
[WhiteClock "0:00:01"]
[BlackClock "0:00:12"]

1. d4 Nf6 2. c4 g6 3. Nc3 Bg7 4. e4 O-O 5. Nf3 d6 6. Be2 Na6 7. O-O e5 8. Be3 c6 9. d5 Ng4 10. Bg5 f6 11. Bh4 c5 12. Ne1 Nh6 13. a3 Nf7 14. Nc2 Bh6 15. b4 Bg5 16. Bg3 f5 17. exf5 gxf5 18. f4 exf4 19. Bxf4 Bxf4 20. Rxf4 Qg5 21. Qd2 Bd7 22. Raf1 Rae8 23. h3 Kh8 24. bxc5 Nxc5 25. Qd4+ Ne5 26. Ne3 Rf6 27. Ng4 Rg6 28. h4 Qe7 29. Ne3 Reg8 30. R1f2 Qg7 31. h5 Rg3 32. h6 Qxh6 33. Nxf5 Bxf5 34. Rxf5 Rh3 35. Rf1 Qg7 36. Qf2 Rxc3 37. Rh5 Rg3 38. Rh2 Ne4 39. Qf4 Rxg2+ 40. Kh1 Rg1+ 41. Rxg1 Qxg1# 0-1


[Site "https://www.chess.com"]

[Event "Titled Tuesday Blitz April 4 Late 2023"]
[White "Kramnik, Vladimir"]
[Black "Adewumi, Tanitoluwa"]
[WhiteFideId "4101588"]
[BlackFideId "30966396"]
[WhiteElo "2712"]
[BlackElo "2720"]
[Result "1-0"]
[Round "05"]
[TimeControl "180+2"]
[Date "2023.04.04"]
[WhiteClock "0:00:59"]
[BlackClock "0:00:01"]

1. c4 e5 2. d3 Nc6 3. Nf3 g6 4. Nc3 d6 5. g3 Bg7 6. Bg2 Nge7 7. O-O O-O 8. Rb1 a6 9. b4 h6 10. a4 f5 11. b5 axb5 12. axb5 Nb8 13. Bb2 c6 14. Ra1 Rxa1 15. Qxa1 d5 16. bxc6 bxc6 17. Qa7 Be6 18. Ba3 Nd7 19. cxd5 cxd5 20. Nb5 Bf6 21. Rc1 Qa8 22. Qxa8 Rxa8 23. Bd6 Kf7 24. d4 e4 25. Ne5+ Bxe5 26. dxe5 Rc8 27. Nc7 d4 28. Rd1 d3 29. exd3 Bb3 30. Rd2 Nd5 31. Rb2 1-0


[Site "https://www.chess.com"]

[Event "Titled Tuesday Blitz April 4 Late 2023"]
[White "Alekseenko, Kirill"]
[Black "Hansen, Sune Berg"]
[WhiteFideId "4135539"]
[BlackFideId "1400266"]
[WhiteElo "2683"]
[BlackElo "2716"]
[Result "1-0"]
[Round "05"]
[TimeControl "180+2"]
[Date "2023.04.04"]
[WhiteClock "0:01:09"]
[BlackClock "0:00:10"]

1. d4 Nf6 2. Nc3 d5 3. Bf4 a6 4. e3 e6 5. g4 c5 6. g5 Nfd7 7. h4 Nc6 8. Nf3 b5 9. Ne2 Bb7 10. Bg2 a5 11. c3 b4 12. h5 Qb6 13. Kf1 Be7 14. Kg1 h6 15. Ng3 a4 16. cxb4 cxb4 17. Rc1 a3 18. b3 Rc8 19. Rh4 Na7 20. Rg4 Rxc1 21. Qxc1 Qc6 22. Qb1 Nb5 23. gxh6 gxh6 24. Ne5 Nxe5 25. Bxe5 Nc3 26. Qc2 Ba6 27. Kh2 Rf8 28. Bg7 Qc7 29. Bxf8 Bxf8 30. Rg8 Ke7 31. f4 f5 32. Nxf5+ Kf7 33. Nxh6+ 1-0


[Site "https://www.chess.com"]

[Event "Titled Tuesday Blitz April 4 Late 2023"]
[White "Iliaguev, Nisim"]
[Black "Zakhartsov, Vladimir"]
[WhiteFideId "2817276"]
[BlackFideId "4145097"]
[WhiteElo "2241"]
[BlackElo "2497"]
[Result "0-1"]
[Round "05"]
[TimeControl "180+2"]
[Date "2023.04.04"]
[WhiteClock "0:00:05"]
[BlackClock "0:00:11"]

1. d4 Nf6 2. Nf3 e6 3. g3 b5 4. Bg2 Bb7 5. O-O c5 6. a4 b4 7. c4 bxc3 8. Nxc3 cxd4 9. Qxd4 Nc6 10. Qd1 Be7 11. a5 Nxa5 12. Nb5 O-O 13. Bf4 Nd5 14. Bd6 Nc4 15. Bxe7 Nxe7 16. b3 Na5 17. Nd6 Bd5 18. Nd4 Qb6 19. e4 Bc6 20. Qd3 Rab8 21. Nxc6 Nexc6 22. Rfb1 Nb4 23. Qd2 Nac6 24. Nc4 Qc7 25. h3 Rfd8 26. f4 d5 27. exd5 exd5 28. Ne3 d4 29. Nc4 d3 30. Ra4 Qe7 31. Kh2 Nd4 32. Re1 Qc5 33. Re5 Qf8 34. Re4 Nxb3 35. Qd1 Nc5 36. Ne5 Nxa4 37. Qxa4 d2 38. Bf3 d1=Q 39. Bxd1 Rd2+ 40. Re2 Rbd8 41. Rxd2 Rxd2+ 42. Kh1 Qa8+ 43. Bf3 Qb8 44. h4 Nd3 0-1


[Site "https://www.chess.com"]

[Event "Titled Tuesday Blitz April 4 Late 2023"]
[White "Mindlin, Alon"]
[Black "Bachmann, Axel"]
[WhiteFideId "2800071"]
[BlackFideId "3700488"]
[WhiteElo "2430"]
[BlackElo "2605"]
[Result "0-1"]
[Round "05"]
[TimeControl "180+2"]
[Date "2023.04.04"]
[WhiteClock "0:00:28"]
[BlackClock "0:00:08"]

1. d4 Nf6 2. c4 e6 3. Nc3 Bb4 4. e3 O-O 5. Bd3 d5 6. Nf3 b6 7. O-O Ba6 8. cxd5 exd5 9. Bxa6 Nxa6 10. Qd3 Qc8 11. Bd2 Re8 12. Rfc1 Qb7 13. a3 Bf8 14. b4 Nb8 15. Ne5 c6 16. b5 c5 17. Qf5 Re6 18. Ne2 Nbd7 19. Nf4 g6 20. Qh3 Rd6 21. Bc3 Ne4 22. Nxf7 Kxf7 23. Qxh7+ Ke8 24. Nxg6 Nxc3 25. Rxc3 c4 26. e4 dxe4 27. Nxf8 Kxf8 28. Rg3 Qd5 29. Re1 Nf6 30. Qg7+ Ke8 31. Rg5 Qf7 32. Qh8+ Qf8 33. Re5+ Kd7 34. Qh3+ Kc7 35. Rc1 Rad8 36. Rxc4+ Kb8 37. g3 Rxd4 38. Rc2 Rd1+ 39. Kg2 Qd6 40. Qf5 Qd3 41. g4 Qf1+ 42. Kg3 R1d3+ 43. Kh4 Qh3+ 44. Kg5 Rg8+ 45. Kxf6 Rf3 46. Rxe4 Rxf5+ 47. gxf5 Qh6+ 48. Ke5 Re8+ 49. Kd4 Qd6+ 50. Ke3 Qxa3+ 51. Kf4 Rxe4+ 52. Kxe4 Qa4+ 53. Kd3 Qxb5+ 54. Ke4 Qa4+ 55. Kd3 Qf4 0-1


[Site "https://www.chess.com"]

[Event "Titled Tuesday Blitz April 4 Late 2023"]
[White "Bronstein, Or"]
[Black "Durarbayli, Vasif"]
[WhiteFideId "2815770"]
[BlackFideId "13402935"]
[WhiteElo "2356"]
[BlackElo "2551"]
[Result "0-1"]
[Round "05"]
[TimeControl "180+2"]
[Date "2023.04.04"]
[WhiteClock "0:00:07"]
[BlackClock "0:00:21"]

1. d4 Nf6 2. Nf3 e6 3. c4 b6 4. a3 Bb7 5. Bf4 g6 6. Nc3 Bg7 7. Qc2 d6 8. e4 Nbd7 9. Be2 a6 10. O-O-O O-O 11. e5 Nh5 12. Be3 f5 13. d5 f4 14. Bd2 Nxe5 15. Nd4 exd5 16. Ne6 Qf6 17. Nxf8 dxc4 18. Bxh5 gxh5 19. Nxh7 Qh6 20. f3 Nd3+ 21. Kb1 Qxh7 22. Ne4 Bxe4 23. fxe4 Qxe4 24. Rhe1 Qd4 25. Bc3 Nxe1 26. Bxe1 Qxb2+ 27. Qxb2 Bxb2 28. Kxb2 Re8 29. Bc3 Kf7 30. Rd5 Re2+ 31. Rd2 Re3 32. Rf2 b5 33. Rxf4+ Ke6 34. Rf2 c5 35. Kc2 d5 36. Bb2 d4 37. Bc1 Rc3+ 38. Kd2 Rb3 39. Re2+ Kd5 40. Re8 c3+ 41. Kc2 Kc4 42. Rd8 a5 43. Rd6 a4 44. h3 h4 0-1


[Site "https://www.chess.com"]

[Event "Titled Tuesday Blitz April 4 Late 2023"]
[White "Li, Ruifeng"]
[Black "Thomforde-Toates, Noah"]
[WhiteFideId "2061074"]
[BlackFideId "30951992"]
[WhiteElo "2441"]
[BlackElo "2706"]
[Result "1-0"]
[Round "05"]
[TimeControl "180+2"]
[Date "2023.04.04"]
[WhiteClock "0:00:16"]
[BlackClock "0:00:06"]

1. b3 b6 2. Bb2 Bb7 3. e3 e6 4. Nf3 Nf6 5. c4 Be7 6. Be2 O-O 7. Qc2 c5 8. g4 Nc6 9. a3 d5 10. g5 Ne4 11. Rg1 f5 12. gxf6 Bxf6 13. d3 Bxb2 14. Qxb2 Qf6 15. Qxf6 Nxf6 16. Nbd2 Rad8 17. Ng5 Rfe8 18. f4 h6 19. Nh3 e5 20. Kf2 d4 21. e4 exf4 22. Nxf4 Ne5 23. h4 Bc8 24. Kg3 Kf7 25. Raf1 Ke7 26. Nf3 Nxf3 27. Bxf3 Kd6 28. h5 Nh7 29. Bg4 Bxg4 30. Kxg4 Re5 31. Kh4 Rg5 32. Ng6 Ke6 33. Rxg5 Nxg5 34. Kg4 Nf7 35. Rf5 Ng5 36. Nf4+ Ke7 37. Re5+ Kf6 38. Rf5+ Ke7 39. Ng6+ Ke6 40. Re5+ Kf6 41. Rd5 Rxd5 42. cxd5 Nf7 43. Kf4 b5 44. e5+ Nxe5 45. Nxe5 Ke7 46. Ke4 Kd6 47. Nf7+ Ke7 48. Ne5 Kd6 49. Nf3 a5 50. Nxd4 cxd4 51. Kxd4 a4 52. b4 Ke7 53. Ke5 g5 54. hxg6 h5 55. Kf5 h4 56. Kg4 Kf6 57. d6 h3 58. Kxh3 Kxg6 59. d7 Kf5 60. d8=Q 1-0


[Site "https://www.chess.com"]

[Event "Titled Tuesday Blitz April 4 Late 2023"]
[White "Matinian, Nikita"]
[Black "Kamsky, Gata"]
[WhiteFideId "24129100"]
[BlackFideId "2000024"]
[WhiteElo "2422"]
[BlackElo "2660"]
[Result "0-1"]
[Round "05"]
[TimeControl "180+2"]
[Date "2023.04.04"]
[WhiteClock "0:00:03"]
[BlackClock "0:00:14"]

1. e4 e5 2. Nf3 Nc6 3. Bb5 a6 4. Ba4 Nf6 5. O-O Be7 6. d3 d6 7. c3 O-O 8. Re1 b5 9. Bc2 Nb8 10. Nbd2 c5 11. Nf1 h6 12. Ng3 Re8 13. a4 Bb7 14. Nf5 Bf8 15. h3 Nbd7 16. g4 d5 17. g5 hxg5 18. Bxg5 Qb6 19. a5 Qc6 20. Kh2 c4 21. Bxf6 Qxf6 22. Rg1 cxd3 23. Qxd3 Nc5 24. Qe3 dxe4 25. N3h4 Ne6 26. Bxe4 Bxe4 27. Qxe4 g6 28. Nxg6 fxg6 29. Rxg6+ Qxg6 30. Ne7+ Rxe7 31. Qxg6+ Bg7 32. Re1 Rf8 33. Rxe5 Rxf2+ 34. Kg3 Rg2+ 35. Kxg2 Nf4+ 0-1


[Site "https://www.chess.com"]

[Event "Titled Tuesday Blitz April 4 Late 2023"]
[White "Ezat, Mohamed"]
[Black "Melkumyan, Hrant"]
[WhiteFideId "10600906"]
[BlackFideId "13302485"]
[WhiteElo "2386"]
[BlackElo "2604"]
[Result "0-1"]
[Round "05"]
[TimeControl "180+2"]
[Date "2023.04.04"]
[WhiteClock "0:01:27"]
[BlackClock "0:01:38"]

1. d4 Nf6 2. c4 g6 3. Nc3 Bg7 4. e4 d6 5. Be2 e5 6. dxe5 dxe5 7. Qxd8+ Kxd8 8. f4 Nc6 9. Nf3 exf4 10. Bxf4 Be6 11. O-O-O+ Kc8 12. Rhf1 h6 13. Nd5 Ne8 14. a3 a5 15. Kc2 g5 16. Bg3 a4 17. Rd2 Ra5 18. Rfd1 Kb8 19. Nb4 Nf6 20. Nxc6+ bxc6 21. Rd8+ Rxd8 22. Rxd8+ Kb7 23. Be5 g4 24. Bc3 gxf3 25. Bxa5 fxe2 26. Kd2 Bxc4 27. Ke1 Nxe4 0-1


[Site "https://www.chess.com"]

[Event "Titled Tuesday Blitz April 4 Late 2023"]
[White "Svane, Frederik"]
[Black "Rodshtein, Maxim"]
[WhiteFideId "12923044"]
[BlackFideId "2806851"]
[WhiteElo "2502"]
[BlackElo "2555"]
[Result "0-1"]
[Round "05"]
[TimeControl "180+2"]
[Date "2023.04.04"]
[WhiteClock "0:00:01"]
[BlackClock "0:00:09"]

1. c4 g6 2. Nf3 Bg7 3. Nc3 c5 4. g3 Nc6 5. Bg2 d6 6. a3 b6 7. d4 Nxd4 8. Nxd4 cxd4 9. Bxa8 dxc3 10. Qb3 Bd7 11. Bg2 cxb2 12. Bxb2 Nf6 13. O-O O-O 14. a4 Qc7 15. a5 bxa5 16. Qa3 a4 17. Rfc1 Rb8 18. c5 d5 19. c6 Bxc6 20. Bd4 Qd7 21. Qc5 Bb5 22. Rcb1 a6 23. Ra2 Rc8 24. Qa3 e6 25. e3 Ne8 26. Bxg7 Nxg7 27. Bf3 Nf5 28. Bd1 Rc4 29. Rab2 Nd6 30. Qa2 h5 31. Rb4 Qc6 32. Qa1 h4 33. Rxc4 Nxc4 34. Bxa4 Nd2 35. Bxb5 axb5 36. Rc1 Qb7 37. Qc3 Nc4 38. Rb1 h3 39. Qd4 b4 40. Rb3 Qb5 41. Qd1 Qa4 42. Qb1 Nd2 43. Rxb4 Nf3+ 44. Kh1 Qa6 45. Rb8+ Kh7 46. Rb4 Qe2 47. Rf4 Qxf2 48. Rxf7+ Kh6 49. Qg1 Qxg1# 0-1


[Site "https://www.chess.com"]

[Event "Titled Tuesday Blitz April 4 Late 2023"]
[White "Barbosa, Evandro Amorim"]
[Black "Kravtsiv, Martyn"]
[WhiteFideId "2115824"]
[BlackFideId "14113147"]
[WhiteElo "2439"]
[BlackElo "2695"]
[Result "0-1"]
[Round "05"]
[TimeControl "180+2"]
[Date "2023.04.04"]
[WhiteClock "0:00:02"]
[BlackClock "0:00:10"]

1. e4 e5 2. Nf3 Nc6 3. Bb5 a6 4. Ba4 g6 5. c3 Bg7 6. d4 Nge7 7. d5 Na5 8. b4 Nc4 9. Bb3 Nd6 10. O-O O-O 11. Re1 b5 12. Nbd2 a5 13. bxa5 Rxa5 14. a4 c5 15. Ba3 bxa4 16. Bxa4 Qc7 17. Bc2 Nb5 18. Bb2 d6 19. Nc4 Rxa1 20. Qxa1 Bd7 21. Qa6 Rb8 22. Ra1 h6 23. Ba4 Bc8 24. Qa5 Qxa5 25. Nxa5 f5 26. Nd2 fxe4 27. Nxe4 Bf5 28. c4 Bxe4 29. Bxb5 Bxd5 30. Rd1 Rb6 31. Bc3 Be6 32. g3 Kf7 33. h4 h5 34. Kf1 Nf5 35. Nc6 Nd4 36. Bxd4 cxd4 37. Ra1 Bf6 38. Ra7+ Kf8 39. Rc7 d5 40. Na5 dxc4 41. Bxc4 Bd8 42. Ra7 Bh3+ 43. Ke2 Rb2+ 44. Kf3 Bf5 0-1


[Site "https://www.chess.com"]

[Event "Titled Tuesday Blitz April 4 Late 2023"]
[White "Rustemov, Alexander"]
[Black "Skvortsov, Andrei"]
[WhiteFideId "4119002"]
[BlackFideId "24108600"]
[WhiteElo "2848"]
[BlackElo "2259"]
[Result "1-0"]
[Round "05"]
[TimeControl "180+2"]
[Date "2023.04.04"]
[WhiteClock "0:00:24"]
[BlackClock "0:00:13"]

1. c4 g6 2. Nc3 Bg7 3. d4 e6 4. Nf3 Ne7 5. e3 d5 6. cxd5 exd5 7. b4 O-O 8. Be2 Bg4 9. O-O Nd7 10. a4 Nf6 11. b5 a6 12. Ba3 Re8 13. h3 Bxf3 14. Bxf3 axb5 15. axb5 Qd7 16. Qb3 c6 17. bxc6 bxc6 18. Bxe7 Qxe7 19. Rxa8 Rxa8 20. Na4 Bf8 21. Rb1 Qa3 22. Qxa3 Bxa3 23. Nc3 Bd6 24. Rc1 Kf8 25. Ne2 Ra6 26. g3 Ke7 27. Kg2 Nd7 28. Rc2 Nf8 29. Nc1 Ne6 30. Nd3 f6 31. h4 h5 32. Rb2 Ra7 33. Rb6 Rc7 34. Ra6 Nf8 35. Bd1 Ne6 36. Ba4 c5 37. dxc5 Nxc5 38. Nxc5 Bxc5 39. Bc2 Kf7 40. Bb3 Rd7 41. Ra5 Be7 42. Bxd5+ Kg7 43. e4 Bd6 44. Ra6 Be5 45. f4 Bd4 46. Ra4 Bc3 47. Rc4 Bb2 48. Kf3 Re7 49. Rc6 Ba1 50. g4 hxg4+ 51. Kxg4 Bb2 52. h5 gxh5+ 53. Kxh5 Bd4 54. Rc8 Be3 55. Kg4 Bd2 56. Kf5 Ra7 57. Rg8+ Kh7 58. Rg2 Bc3 59. Rc2 Bd4 60. Rd2 Bc3 61. Rd3 Bb2 62. Rg3 Re7 63. Be6 Ba1 64. Rg6 Bb2 65. Rxf6 Bxf6 66. Kxf6 Ra7 67. e5 Kh8 68. f5 Ra6 69. Ke7 Ra5 70. f6 Ra8 71. Bd7 Kg8 72. e6 Rf8 73. Be8 1-0


[Site "https://www.chess.com"]

[Event "Titled Tuesday Blitz April 4 Late 2023"]
[White "Jaracz, Pawel"]
[Black "Yeletsky, Ivan"]
[WhiteFideId "1102222"]
[BlackFideId "24180327"]
[WhiteElo "2438"]
[BlackElo "2422"]
[Result "0-1"]
[Round "05"]
[TimeControl "180+2"]
[Date "2023.04.04"]
[WhiteClock "0:00:12"]
[BlackClock "0:00:24"]

1. e4 e5 2. Nf3 Nf6 3. d3 Nc6 4. Be2 d5 5. Nbd2 g6 6. c3 Bg7 7. b4 O-O 8. Bb2 Nh5 9. exd5 Ne7 10. c4 Nf4 11. O-O e4 12. Ne5 f6 13. Ng4 Nxe2+ 14. Qxe2 Bxg4 15. Qxg4 f5 16. Qe2 Bxb2 17. Rab1 Bg7 18. dxe4 fxe4 19. Nxe4 Nf5 20. Nc5 Nd4 21. Qd3 Qg5 22. Kh1 b6 23. Na6 Qf4 24. Rbe1 Rae8 25. Rxe8 Rxe8 26. g3 Qd6 27. Rd1 b5 28. Nc5 bxc4 29. Qxc4 Qf6 30. f4 Kh8 31. Na6 Qf5 32. Rxd4 Qb1+ 33. Kg2 Qb2+ 34. Kh3 Qxd4 35. Qc6 Qe4 36. Nxc7 Rg8 37. Ne6 h6 38. Qd7 Qe2 39. d6 Qf1+ 40. Kg4 Bf6 41. Ng5 hxg5 42. Qf7 Qe2+ 43. Kh3 g4# 0-1


[Site "https://www.chess.com"]